General information
- name: BNet
- type: Ladder 1vs1/FFA
- host: Battle.net
- saver: birdtoss
map: TerenasStand
- players: 2
- length: 08:23
- speed: Fast
- version: 1.21 W3XP
- replay type: Public
» download(28 KB)
Players
team 1 (winner)
birdtoss (
orange | 101 APM | 848 actions | 08:23)
3 Blademaster
2 Wind Walk
1 Critical Strike
1 Shadow Hunter
1 Hex
» actions
| Assign group hotkey | 16 | |
| Basic commands | 48 | |
| Build / train | 31 | |
| Enter build submenu | 10 | |
| Enter hero's abilities submenu | 4 | |
| Give item / drop item | 2 | |
| Right click | 283 | |
| Select / deselect | 83 | |
| Select group hotkey | 346 | |
| Use ability | 25 | |
848 total
» units
» upgrades
» buildings
| Altar of Storms | 1 | |
| Orc Burrow | 4 | |
| Barracks | 1 | |
| Stronghold | 3 | |
| Voodoo Lounge | 1 | |
| Beastiary | 2 | |
12 total
» build order
00:07 Altar of Storms
00:20 Orc Burrow
00:35 Barracks
01:36 Orc Burrow
02:42 Stronghold
03:14 Orc Burrow
03:27 Voodoo Lounge
04:28 Orc Burrow
05:19 Beastiary
05:28 Beastiary
» items
| Healing Salve | 4 | |
| Lesser Clarity Potion | 1 | |
| Scroll of Speed | 1 | |
| Boots of Speed | 1 | |
7 total
team 2 (loser)
DuRRRRRR (
blue | 141 APM | 1182 actions | 08:22)
2 Demon Hunter
1 Mana Burn
1 Evasion
» actions
| Assign group hotkey | 7 | |
| Build / train | 26 | |
| Enter build submenu | 12 | |
| Enter hero's abilities submenu | 2 | |
| Remove unit from queue | 2 | |
| Right click | 669 | |
| Select / deselect | 125 | |
| Select group hotkey | 319 | |
| Use ability | 20 | |
1182 total
» units
» buildings
| Altar of Elders | 1 | |
| Moon Well | 5 | |
| Hunter's Hall | 1 | |
| Ancient of War | 2 | |
| Tree of Ages | 1 | |
| Ancient of Lore | 1 | |
11 total
» build order
00:07 Altar of Elders
00:17 Moon Well
01:49 Hunter's Hall
01:52 Ancient of War
01:54 Ancient of War
02:08 Moon Well
02:30 Moon Well
03:26 Moon Well
05:30 Tree of Ages
06:06 Moon Well
07:59 Ancient of Lore
Chat log
(00:04 / All) DuRRRRRR: hi gl!!!
(00:09 / All) birdtoss: gl goon
(01:55 / All) birdtoss: spacegreek?
(02:00 / All) DuRRRRRR: ?
(02:04 / All) birdtoss: nothing
(02:11 / All) DuRRRRRR: OMG ARE YOU A MASON
(02:16 / All) birdtoss: dont towa me bro
(05:50 / All) birdtoss: you guys still doing the 4x shaman strats
(05:59 / All) DuRRRRRR: ya sometimes
(06:05 / All) birdtoss: its pretty sweet
(08:21 / All) DuRRRRRR: gg